 Dungeon Crawl Stone Soup version 0.30-a0-603-g51a0fb1b98 (webtiles) character file.

Game seed: 4115132123870592159

2582 Leeroy the Martial Artist (level 9, 0/96 HPs)
             Began as a Red Draconian Transmuter on Jan 7, 2023.
             Was an Initiate of Wu Jian.
             Slain by a killer bee (7 damage)
             ... on level 8 of the Dungeon.
             The game lasted 00:12:23 (7070 turns).

Leeroy the Martial Artist (DrTm)                    Turns: 7070, Time: 00:12:24

Health: 0/96       AC: 24    Str: 12    XL:     9   Next: 32%
Magic:  11/12      EV:  2    Int: 17    God:    Wu Jian [......]
Gold:   460        SH:  0    Dex: 13    Spells: 2/12 levels left

rFire   . . .      SeeInvis .      - Unarmed
rCold   . . .      Faith    .    (no shield)
rNeg    . . .      Spirit   .    (body armour unavailable)
rPois   +          Reflect  .    (helmet currently unavailable)
rElec   .          Harm     .    (cloak currently unavailable)
rCorr   .          Rampage  .    (gloves currently unavailable)
Will    .....      NoTele   +    (boots currently unavailable)
Stlth   +                        (no amulet)
HPRegen 0.36/turn                (no ring)
MPRegen 0.13/turn                (no ring)

@: tree-form
A: stationary, stasis, torment immunity, boosted hp, (breathe fire), AC +7,
unfitting armour, (fire resistance 1), (cold-blooded)
a: Renounce Religion


You were on level 8 of the Dungeon.
You worshipped Wu Jian.
Wu Jian was noncommittal.
You were a tree.
You visited 2 branches of the dungeon, and saw 9 of its levels.

You collected 460 gold pieces.

Inventory:

Hand Weapons
 E - a +2 falchion of holy wrath
 F - a +1 vampiric falchion
 G - a +0 scimitar
 I - the +8 hand axe "No More Talking" {freeze, Fragile rPois Will+ rCorr Int+4}
   (You took it off a centaur on level 7 of the Dungeon)

   Int:       It affects your intelligence (+4).
   rPois:     It protects you from poison.
   rCorr:     It protects you from acid and corrosion.
   Fragile:   It will be destroyed if unequipped.
   Will:      It increases your willpower.
Missiles
 e - 27 poisoned darts
 n - 3 curare-tipped darts
Armour
 h - a +0 pair of gloves
 m - a +0 pair of gloves
 y - a +0 pair of boots (melded)
 D - the +1 pair of gloves "Jylygengelo" (melded) {rPois rC+ Int+3 Dex+4}
   (You found it on level 6 of the Dungeon)

   Int:       It affects your intelligence (+3).
   Dex:       It affects your dexterity (+4).
   rC:        It protects you from cold.
   rPois:     It protects you from poison.
Jewellery
 c - a +4 ring of protection
 g - an amulet of faith
 q - an amulet of guardian spirit
Wands
 j - a wand of flame (21)
 A - a wand of roots (7)
Scrolls
 b - 3 scrolls of enchant weapon {unknown}
 f - 7 scrolls of identify {unknown}
 i - 2 scrolls of blinking {unknown}
 k - 4 scrolls of amnesia {unknown}
 l - a scroll of magic mapping {unknown}
 r - 7 scrolls of teleportation {unknown}
 u - a scroll of acquirement {unknown}
 v - a scroll of noise {unknown}
 x - a scroll of enchant armour {unknown}
 B - a scroll of fog {unknown}
Potions
 d - 3 potions of invisibility {unknown}
 o - a potion of cancellation {unknown}
 p - 2 potions of berserk rage {unknown}
 s - a potion of magic {unknown}
 t - a potion of brilliance {unknown}
 w - a potion of heal wounds {unknown}
 z - 2 potions of ambrosia {unknown}
 C - a potion of curing {unknown}
 H - a potion of haste {unknown}
 J - a potion of flight {unknown}
 K - a potion of resistance {unknown}


   Skills:
 - Level 1.1 Fighting
 - Level 1.7 Dodging
 + Level 11.3 Unarmed Combat
 - Level 2.0 Spellcasting
 * Level 6.7 Transmutations


You had 2 spell levels left.
You knew the following spells:

 Your Spells              Type           Power      Damage    Failure   Level
a - Beastly Appendage     Tmut           48%        N/A       1%          1
b - Spider Form           Tmut/Pois      13%        N/A       14%         3
c - Wereblood             Tmut           24%        N/A       1%          2
d - Ice Form              Ice/Tmut       13%        N/A       43%         4

Your spell library contained the following spells:

 Spells                   Type           Power      Damage    Failure   Level
 Foxfire                  Conj/Fire      4%         2x1d4     19%         1
 Freeze                   Ice            4%         1d3       19%         1
 Ignite Poison            Fire/Tmut/Pois 9%         N/A       22%         3
 Dazzling Flash           Conj/Hex       2%         N/A       50%         3
 Frozen Ramparts          Ice            2%         1d1       50%         3
 Hailstorm                Conj/Ice       1%         3d3       50%         3
 Kindle Blastsparks       Fire/Tloc/Air  2%         2d10      50%         3
 Tukima's Dance           Hex            1%         N/A       50%         3
 Yara's Violent Unravell  Hex/Tmut       6%         3d5       80%         5
 Iskenderun's Mystic Bla  Conj/Tloc      1%         2d3       88%         4
 Passage of Golubria      Tloc           1%         N/A       88%         4
 Fireball                 Conj/Fire      0%         3d3       99%         5
 Freezing Cloud           Conj/Ice/Air   0%         6-21      99%         5
 Starburst                Conj/Fire      0%         6d3       100%        6


Dungeon Overview and Level Annotations

Branches:
Dungeon (8/15)             Temple (1/1) D:7
   Lair: D:8-11

Altars:
Ashenzari
Cheibriados
Dithmenos
Elyvilon
Fedhas
Gozag
Hepliaklqana
Kikubaaqudgha
Makhleb
Nemelex Xobeh
Okawaru
Qazlal
Ru
Sif Muna
Trog
Uskayaw
Vehumet
Wu Jian
Xom
Yredelemnul
Zin
The Shining One

Shops:
D:7 *

Annotations:
D:3 1 runed translucent door, ThereIsNoGod's ghost, amateur OpFi


Innate Abilities, Weirdness & Mutations

You are a tree.
Your roots penetrate the ground, keeping you stationary.
You cannot be teleported.
You are immune to unholy pain and torment.
Your maximum health is greatly increased.
Your equipment is partially melded.
((You can breathe blasts of fire.))
((Your fiery red scales are hard. (AC +7)))
You cannot fit into any form of body armour.
((Your flesh is heat resistant. (rF+)))
((You are cold-blooded and may be slowed by cold attacks.))


Message History

You feel sick.
You are no longer poisoned.
The killer bee stings you but does no damage.
The killer bee closely misses you.
You punch the killer bee! You freeze the killer bee.
You kill the killer bee!
The Council accepts your kill.
You closely miss the killer bee. The killer bee barely misses you.
The killer bee stings you.
* * * LOW HITPOINT WARNING * * *
You hit the killer bee but do no damage.
The killer bee closely misses you.
You closely miss the killer bee. The killer bee barely misses you.
The killer bee stings you.
* * * LOW HITPOINT WARNING * * *
Really quaff the potion of lignification?
You warm up again.
The +1 pair of gloves "Jylygengelo" {rPois rC+ Int+3 Dex+4} unmelds from your body.
Your +0 pair of boots unmelds from your body.
You turn into a tree.
The +1 pair of gloves "Jylygengelo" {rPois rC+ Int+3 Dex+4} melds into your body.
Your +0 pair of boots melds into your body.
Your roots penetrate the ground.
The killer bee stings you but does no damage. x2
You closely miss the killer bee. The killer bee barely misses you.
You barely miss the killer bee.
The killer bee stings you but does no damage. x2
You smack the killer bee!
The killer bee is almost dead.
The killer bee stings you but does no damage.
You hit the killer bee but do no damage.
The killer bee is almost dead.
The killer bee stings you but does no damage.
The killer bee stings you.
* * * LOW HITPOINT WARNING * * *
You closely miss the killer bee.
The killer bee is almost dead.
The killer bee stings you but does no damage.
The killer bee stings you!
You die...

.#..?#. ##.....# #......
......### .##.#...##..
........##.# .# #.##.#
.. ####.#.# ##.## . ..#
##.#♣#..# #... ..
...8.#..y###.# #..##....
......†⌠..#..# #.......
...8##...###(###..##.#.#
.. ##..##....<.......#
####.#####..##... #.#
#..# ..# #..# ### #.<#


You could see a killer bee.

Vanquished Creatures
  A wyvern (D:7)
  2 steam dragons
  3 water moccasins
  An ice beast (D:7)
  A black bear (D:6)
  An ogre (D:6)
  2 phantoms (D:5)
  A centaur (D:7)
  5 scorpions
  2 bullfrogs
  4 killer bees (D:8)
  5 howler monkeys
  An orc priest (D:6)
  5 iguanas
  6 orc wizards
  12 adders
  4 gnolls (D:4)
  2 white imps
  A worm (D:4)
  3 dart slugs (D:2)
  12 orcs
  9 endoplasms
  6 giant cockroaches
  4 goblins
  4 hobgoblins
  4 jackals (D:3)
  6 kobolds
  8 quokkas
  8 ball pythons
  9 bats
  5 frilled lizards
  4 rats
141 creatures vanquished.

Vanquished Creatures (others)
  An orc wizard (D:5)
  4 toadstools (D:1)
5 creatures vanquished.

Grand Total: 146 creatures vanquished

Notes
Turn   | Place    | Note
-------+----------+-------------------------------------------
     0 | D:1      | Leeroy the Draconian Transmuter began the quest for the
                  | Orb.
     0 | D:1      | Reached XP level 1. HP: 16/16 MP: 3/3
    58 | D:1      | Reached XP level 2. HP: 23/23 MP: 5/5
   389 | D:1      | Reached skill level 4 in Unarmed Combat
   593 | D:2      | Reached XP level 3. HP: 22/28 MP: 6/6
  1074 | D:2      | Reached skill level 5 in Unarmed Combat
  1074 | D:2      | Reached XP level 4. HP: 23/35 MP: 5/7
  1078 | D:2      | Learned a level 3 spell: Spider Form
  1081 | D:2      | Learned a level 2 spell: Wereblood
  1629 | D:3      | Found a large runed translucent door.
  1629 | D:3      | Found a large runed translucent door.
  1678 | D:3      | Found a shadowy altar of Dithmenos.
  1692 | D:3      | Found a sacrificial altar of Ru.
  1807 | D:3      | Noticed ThereIsNoGod's ghost (amateur OpFi)
  1810 | D:3      | Found a runed translucent door.
  1832 | D:3      | Reached XP level 5. HP: 40/40 MP: 8/8
  2083 | D:3      | Reached skill level 6 in Unarmed Combat
  2637 | D:4      | Reached XP level 6. HP: 40/47 MP: 5/9
  2859 | D:4      | Reached skill level 7 in Unarmed Combat
  3416 | D:5      | Entered Level 5 of the Dungeon
  3566 | D:5      | Your scales start taking on a fiery red colour.
  3566 | D:5      | Reached XP level 7. HP: 21/52 MP: 7/10
  3566 | D:5      | Gained mutation: Your flesh is heat resistant. (rF+) [Red
                  | Draconian growth]
  3934 | D:5      | Found an ancient bone altar of Kikubaaqudgha.
  3945 | D:5      | Found an opulent altar of Gozag.
  3963 | D:5      | Found a shimmering altar of Xom.
  4093 | D:5      | Found a stormy altar of Qazlal.
  4313 | D:6      | Noticed a steam dragon
  4339 | D:6      | Reached skill level 8 in Unarmed Combat
  4947 | D:6      | Killed a steam dragon
  4948 | D:6      | Reached skill level 9 in Unarmed Combat
  4948 | D:6      | Reached XP level 8. HP: 25/59 MP: 2/11
  5225 | D:6      | Identified the +1 pair of gloves "Jylygengelo" {rPois rC+
                  | Int+3 Dex+4}
  5790 | D:7      | Found a staircase to the Ecumenical Temple.
  5801 | Temple   | Entered the Ecumenical Temple
  5814 | Temple   | Became a worshipper of the Wu Jian Council
  6168 | D:7      | Reached skill level 10 in Unarmed Combat
  6168 | D:7      | Reached skill level 5 in Transmutations
  6198 | D:7      | Reached XP level 9. HP: 24/64 MP: 9/12
  6366 | D:7      | Learned a level 4 spell: Ice Form
  6384 | D:7      | Identified the +8 hand axe "No More Talking" {freeze,
                  | Fragile rPois Will+ rCorr Int+4}
  6438 | D:7      | Reached skill level 11 in Unarmed Combat
  6606 | D:7      | Found Kisapp's Assorted Antiques.
  7026 | D:8      | Noticed a two-headed ogre
  7070 | D:8      | Slain by a killer bee

Illustrated notes

Levels and vault maps discovered:
D:1:      ldierk_walled_garden_2, layout_basic, st_stairs_2
D:2:      minmay_door_path, layout_basic, minmay_indecisive_spiral
D:3:      layout_basic, jmf_multi_god_temple2, hellmonk_ghost_happy_afterlife,
          kennysheep_pointless_box
D:4:      layout_basic
D:5:      layout_cave_pools, nicolae_overflow_quartered_altars, chequers_garden,
          minmay_liquid_box
D:6:      layout_basic
D:7:      kennysheep_spiral_hall, layout_cave_pools, minmay_temple_entry_trees,
          serial_shops, shop
D:8:      hellmonk_crumbling_castle, layout_loops_ring, lair_entry_dummy,
          enter_ossuary_5, serial_shops, nicolae_stop_n_shop_1,
          nicolae_shop_vocational
Temple:   lightli_temple_of_artemis

Skill      XL: |  1  2  3  4  5  6  7  8  9 |
---------------+----------------------------+-----
Unarmed Combat | 4 5 6 7 9 10 11 | 11.3
Transmutations | 3 4 6 |  6.7
Fighting       | |  1.1
Dodging        | |  1.7
Spellcasting   | |  2.0

Action                   |  1- 3 |  4- 6 |  7- 9 || total
-------------------------+-------+-------+-------++-------
Melee: Unarmed           |   105 |   215 |   167 ||   487
       Tailslap          |    10 |    16 |     3 ||    29
       Punch             |     1 |     2 |     1 ||     4
       Headbutt          |     4 |     3 |       ||     7
       Kick              |     2 |     5 |       ||     7
 Cast: Beastly Appendage |     2 |     2 |       ||     4
       Spider Form       |       |     6 |    12 ||    18
       Wereblood         |       |     3 |     2 ||     5
       Ice Form          |       |       |     1 ||     1
Invok: Lunge             |       |       |     1 ||     1
 Abil: Breathe Fire      |       |       |     2 ||     2
Evoke: Wand              |       |     1 |       ||     1
  Use: Potion            |       |     1 |     2 ||     3
 Stab: Sleeping          |       |     3 |       ||     3
Armor: Skin              |    45 |    67 |    73 ||   185
Dodge: Dodged            |    59 |   144 |   114 ||   317

Table legend: (Time is in decaauts)
 A = Elapsed time spent in this place.
 B = Non-inter-level travel time spent in this place.
 C = Inter-level travel time spent in this place.
 D = Time resting spent in this place.
 E = Time spent auto-exploring this place.
 F = Levels seen in this place.
 G = Mean time per level.
                   A        B        C        D        E       F      G
               +--------+--------+--------+--------+--------+-----+--------+
         Total |   7025 |   6621 |    404 |    956 |   4419 |   9 |  780.6 |
       Dungeon |   6679 |   6279 |    400 |    756 |   4333 |   8 |  834.9 |
        Temple |    345 |    341 |      4 |    200 |     86 |   1 |  345.0 |
               +--------+--------+--------+--------+--------+-----+--------+

Top non-repeatable levels by time:
     D:6: 1359 daAuts
     D:4: 1097 daAuts
     D:2: 1066 daAuts
     D:5: 1024 daAuts
     D:7: 820 daAuts
     D:3: 729 daAuts
     D:1: 543 daAuts
  Temple: 345 daAuts
     D:8: 39 daAuts
